AoeStats
← TioAldi17

Arabia

508992985Analyzed
2v2 RM · 9d ago on Sep 25, 2026· 55m 57s· 4 players
Game mode
Random Map
Map size
Medium (4 player)
Population
200
Speed
Normal
Resources
Standard
Victory
Conquest
Starting age
Dark Age
Ending age
Imperial Age
RankedLock teamsTeams togetherTeam positionsShared explorationLock speedFull tech treeHidden civsTurbo modeCheats
Victory
Defeat
🇺🇸 Varangians · United States
1317
+16
🇺🇸 Khitans · United States
1254
+18
🇨🇱 Slavs · Chile
1306
-17
🇨🇱 Spanish · Chile
1305
-17
ThingsILack
6:39 Loom
9:01 Feudal Age
18:11 Bloodlines
23:03 Castle Age
22:23 Horse Collar
22:39 Double-Bit Axe
23:33 Scale Barding Armor
23:38 Forging
23:58 Husbandry
27:48 Wheelbarrow
29:49 Chain Barding Armor
31:42 Iron Casting
38:46 Hand Cart
39:54 Padded Archer Armor
39:45 Fletching
40:29 Elite Skirmisher
43:57 Imperial Age
41:43 Heavy Plow
41:54 Bow Saw
43:26 Town Watch
46:06 Cavalier
47:50 Blast Furnace
48:51 Masonry
50:42 Chemistry
50:31 Ballistics
49:38 Light Cavalry
53:07 Plate Barding Armor
54:59 Architecture
aoedam
7:21 Loom
9:46 Feudal Age
11:44 Double-Bit Axe
15:06 Forging
15:24 Domestication
18:10 Scale Barding Armor
21:39 Wheelbarrow
24:26 Castle Age
23:27 Gold Mining
25:19 Husbandry
25:40 Chain Barding Armor
25:58 Iron Casting
26:36 Town Watch
28:04 Chain Barding Armor
37:44 Pastoralism
38:05 Bow Saw
38:12 Fletching
42:45 Imperial Age
42:07 Bodkin Arrow
44:14 Plate Barding Armor
45:21 Elite Steppe Lancer
46:57 Bracer
47:47 Hand Cart
49:14 Padded Archer Armor
49:34 Elite Skirmisher
50:33 Leather Archer Armor
53:07 Thumb Ring
55:16 Ballistics
56:10 Ring Archer Armor
56:43 Chemistry
55:54 Masonry
piñaples
5:52 Loom
8:56 Feudal Age
11:08 Double-Bit Axe
13:20 Horse Collar
19:05 Gold Mining
24:26 Castle Age
23:10 Fletching
24:20 Bloodlines
24:12 Padded Archer Armor
24:31 Stone Mining
25:23 Bodkin Arrow
25:31 Husbandry
26:15 Gold Mining
27:13 Leather Archer Armor
36:52 Ballistics
37:56 Wheelbarrow
38:51 Town Watch
39:29 Bow Saw
42:13 Imperial Age
40:33 Hand Cart
43:58 Chemistry
42:49 Guard Tower
43:01 Bracer
44:13 Elite Conquistador
46:09 Conscription
46:13 Scale Barding Armor
46:39 Ring Archer Armor
46:49 Masonry
47:31 Chain Barding Armor
47:19 Cavalier
48:11 Forging
48:04 Pikeman
49:23 Scale Mail Armor
48:52 Halberdier
50:56 Hoardings
50:30 Squires
52:13 Light Cavalry
53:30 Plate Barding Armor
53:44 Chain Mail Armor
54:29 Hussar
55:46 Iron Casting
TioAldi17
6:35 Loom
9:31 Feudal Age
10:13 Double-Bit Axe
12:58 Forging
13:20 Horse Collar
21:47 Castle Age
20:44 Bloodlines
20:45 Scale Barding Armor
23:40 Husbandry
24:35 Bow Saw
28:17 Wheelbarrow
27:41 Gold Mining
30:55 Iron Casting
34:08 Town Watch
38:52 Chain Barding Armor
39:36 Light Cavalry
39:59 Pikeman
43:33 Hand Cart
47:43 Imperial Age
48:01 Heavy Plow
Connection lost

Rejoining the realm…

Still unreachable

The connection could not be restored.

Session expired

The server has moved on; the page needs a fresh start.